 Dungeon Crawl Stone Soup version 0.30-a0-381-g6ea064c7b4 (webtiles) character file.

Game seed: 121788037162755199

242 bande the Covered (level 6, 0/39 HPs)
             Began as a Gargoyle Fighter on Dec 1, 2022.
             Splashed by a jelly's acid (7 damage)
             ... on level 4 of the Dungeon.
             The game lasted 00:04:23 (2983 turns).

bande the Covered (Gargoyle Fighter)                Turns: 2983, Time: 00:04:24

Health: 0/39       AC: -7    Str: 19    XL:     6   Next: 9%
Magic:  6/6        EV: 10    Int:  9    God:
Gold:   122        SH:  4    Dex: 11    Spells: 5/5 levels left

rFire   . . .      SeeInvis +    a - +0 war axe
rCold   . . .      Faith    .    c - +0 buckler
rNeg    + . .      Spirit   .    (no body armour)
rPois   ∞          Reflect  .    (no helmet)
rElec   +          Harm     .    (no cloak)
rCorr   .          Rampage  .    (no gloves)
Will    .....                    (no boots)
Stlth   +.........               (no amulet)
HPRegen 0.26/turn                p - ring of see invisible
MPRegen 0.10/turn                (no ring)

@: corroded
A: sickness immunity, AC +4, negative energy resistance 1, electricity
resistance, torment resistance 1, petrification resistance
a: no special abilities


You were on level 4 of the Dungeon.
You visited 1 branch of the dungeon, and saw 4 of its levels.

You collected 122 gold pieces.

Inventory:

Hand Weapons
 a - a +0 war axe (weapon)
 b - a +0 arbalest
 o - a +0 flail
 t - a +0 war axe
Armour
 c - a +0 buckler (worn)
 s - a +0 chain mail
Jewellery
 h - a ring of positive energy
 i - a ring of wizardry
 p - a ring of see invisible (left hand)
 r - an amulet of guardian spirit
Scrolls
 m - 3 scrolls of teleportation
Potions
 d - a potion of might
 e - a potion of attraction {unknown}
 f - 2 potions of haste
 g - a potion of resistance {unknown}
 l - 2 potions of curing {unknown}
 n - 2 potions of flight {unknown}
 q - a potion of degeneration {unknown}


   Skills:
 + Level 4.4 Fighting
 + Level 3.8 Axes
 + Level 4.4 Armour
 + Level 4.1 Shields


You had 5 spell levels left.
You didn't know any spells.
Your spell library was empty.

Dungeon Overview and Level Annotations

Branches:
Dungeon (4/15)
 Temple: D:4-7

Altars:
Hepliaklqana

Shops:
D:3 *


Innate Abilities, Weirdness & Mutations

You are immune to sickness and miasma.
Your stone body is resilient. (AC +4)
You are immune to poison.
You resist negative energy. (rN+)
You are resistant to electric shocks. (rElec)
You are resistant to unholy torment.
You are immune to petrification.


Message History

The adder closely misses you.
You barely miss the adder.
The adder is heavily wounded.
The adder bites you but does no damage. x2
You hit the adder but do no damage.
The adder is heavily wounded.
The adder bites you but does no damage. The adder barely misses you.
You slash the adder!
You kill the adder!
You see here an adder corpse.
You start resting.
HP restored.
You start waiting.
Done waiting.
Found a stone staircase leading down.
A jelly comes into view.
The jelly hits you but does no damage.
You slash the jelly!
Your hands burn!
The jelly is heavily wounded.
The jelly closely misses you. The jelly hits you but does no damage.
You slash the jelly!
Your hands burn!
The jelly is almost dead.
The jelly hits you. The acid corrodes you!
You are splashed with acid!
You hit the jelly but do no damage.
Your hands burn!
The jelly is almost dead.
The jelly hits you. The acid corrodes you!
You are splashed with acid.
You are too injured to fight recklessly!
You are too injured to fight recklessly!
You hit the jelly.
Your hands burn!
The jelly is almost dead.
The jelly completely misses you. The jelly hits you. The acid corrodes you!
You are splashed with acid.
* * * LOW HITPOINT WARNING * * *
You hit the jelly but do no damage.
Your hands burn!
* * * LOW HITPOINT WARNING * * *
The jelly is almost dead.
The jelly hits you.
* * * LOW HITPOINT WARNING * * *
You are splashed with acid!
You die...

#....##..†..#
########.†..#
#....## ##....##
#.....# #...#.##
# #####..#.#
#########...#
......J@....#
...########..>..
#####


You could see a jelly.

Vanquished Creatures
  Jessica (D:2)
  An iguana (D:4)
  A gnoll (D:3)
  8 adders
  4 worms
  2 dart slugs
  7 orcs (D:3)
  5 ball pythons
  5 bats
  8 endoplasms
  5 giant cockroaches
  4 goblins
  11 hobgoblins
  5 jackals
  3 quokkas
  3 frilled lizards (D:2)
  4 kobolds
  5 rats
82 creatures vanquished.

Vanquished Creatures (others)
  67 plants (D:3)
67 creatures vanquished.

Grand Total: 149 creatures vanquished

Notes
Turn   | Place    | Note
-------+----------+-------------------------------------------
     0 | D:1      | bande the Gargoyle Fighter began the quest for the Orb.
     0 | D:1      | Reached XP level 1. HP: 14/14 MP: 1/1
    99 | D:1      | Reached XP level 2. HP: 19/19 MP: 2/2
   405 | D:1      | Reached XP level 3. HP: 21/23 MP: 3/3
  1104 | D:2      | Reached XP level 4. HP: 29/29 MP: 4/4
  1172 | D:2      | Noticed Jessica
  1186 | D:2      | Killed Jessica
  1338 | D:2      | Reached XP level 5. HP: 33/33 MP: 5/5
  1515 | D:2      | Identified the +1 leather armour "Rooheogg" {rF+}
  2221 | D:3      | Found a hazy altar of Hepliaklqana.
  2483 | D:3      | Found Bueveisch's Assorted Antiques.
  2795 | D:4      | Reached XP level 6. HP: 24/39 MP: 6/6
  2983 | D:4      | Splashed by a jelly's acid

Illustrated notes

Levels and vault maps discovered:
D:1:      spicycebolla_arrival_ecumenical, layout_loops_corners,
          minmay_tromino_i4
D:2:      layout_rooms, uniq_jessica
D:3:      layout_loops_corners, general_overflow_altar, serial_shops,
          nicolae_shop_competitors_out_of_business, serial_bayou,
          serial_bayou_pond_b, serial_bayou_pond_c, serial_bayou_lagoon_a,
          serial_bayou_pond_d, serial_bayou_crossing
D:4:      layout_basic, lemuel_coloured_pillars_altar,
          minmay_temple_entry_stoned_glass, serial_shops,
          nicolae_take_the_stairs

Skill      XL: |  1  2  3  4  5 |
---------------+----------------+-----
Axes           | 2 3 |  3.8
Armour         | 4 |  4.4
Fighting       | 4 |  4.4
Shields        | 4 |  4.1

Action                   |  1- 3 |  4- 6 || total
-------------------------+-------+-------++-------
Melee: War axe           |   120 |   162 ||   282
  Use: Scroll            |       |     6 ||     6
Armor: Scale mail        |    57 |    42 ||    99
       Skin              |       |    21 ||    21
Dodge: Dodged            |    61 |    79 ||   140
Block: Buckler           |    28 |    31 ||    59

Table legend: (Time is in decaauts)
 A = Elapsed time spent in this place.
 B = Non-inter-level travel time spent in this place.
 C = Inter-level travel time spent in this place.
 D = Time resting spent in this place.
 E = Time spent auto-exploring this place.
 F = Levels seen in this place.
 G = Mean time per level.
                   A        B        C        D        E       F      G
               +--------+--------+--------+--------+--------+-----+--------+
         Total |   3124 |   2963 |    161 |    325 |   1939 |   4 |  781.0 |
       Dungeon |   3124 |   2963 |    161 |    325 |   1939 |   4 |  781.0 |
               +--------+--------+--------+--------+--------+-----+--------+

Top non-repeatable levels by time:
     D:3: 1152 daAuts
     D:1: 1040 daAuts
     D:2: 588 daAuts
     D:4: 343 daAuts
